Unix NetHack Version 5.0.0-0 post-release - last build Jul 14 2026 02:55:29 (1809b74e8187c3a3585e283601c3028b46cbbdcb,branch:main).

Game began 2026-07-16 03:26:25, ended 2026-07-16 15:20:45.

HumaRuntu, neutral female human Monk

                                           ------
                         ----             --..|.----
       -- --            --..| ---         |*.......----
   ----.--.-            |...---.---       |...........|      ----         ----
  --.|...N..            --........|       ---.)..[....--     ...|      ---...--
  |..M..@..-            --........|         --.........|    -...|  ----|......|
  |..B@....--         ---0...---.--          -----...).--   .... ---..--.....--
   -.iZ@Gj..|         |......| ---      ---      ---....----..  --..........--
    -f@Gdj@-          |......|         --.----  ----.--.....-  --..|....--.--
    |B---  |          ---.<.^--       --.....|  |....||.....|  |...|....| --
    |.--                --....----  ---......|---.-----.....-- |........|
    |1.|      ---        |.^(....|  |........|....|  |.......| |.....----
    --.-----  |..        |.......|  |....^.....----  --......|--.....|
     -.....| --.-        --.....--  |..........------ 0..|.----......|
      ----.--|..|         |.....|   |........|..-|..| -.------.....---
         |...|..-----    --.....-----.|......|-..|..---------......|
      -- |..........------.........)..|-.-------...................-
     -.........----...........------------     ----..--------........|
     --....-----  ---....------                  |...|      --.......|
      ---.--        --..--                       --.--       ---------
        --           ----                         ---
HumaRuntu the Initiate          St:18/02 Dx:11 Co:13 In:12 Wi:13 Ch:8  Neutral
Dlvl:5  $:176 HP:0(40) Pw:29(29) AC:2  Xp:6/487 T:2608 

Latest messages:
 A Green-elf suddenly appears next to you!
 An imp suddenly appears next to you!
 A werejackal suddenly appears close by!
 A vampire bat suddenly appears next to you!
 A jaguar suddenly appears next to you!
 A raven suddenly appears close by!
 A red naga suddenly appears close by!
 A Woodland-elf suddenly appears close by!
 A spotted jelly suddenly appears close by!
 A kobold mummy suddenly appears close by!
 You hit the vampire bat!
 The jaguar hits!
 The jaguar hits again!
 The jaguar bites!
 The vampire bat bites!
 The vampire bat bites again!
 The werejackal hits the gnome zombie.
 The gnome zombie hits the werejackal.
 The imp hits!
 The Green-elf wields a runed bow!
 The Green-elf wields a runed bow!
 The Green-elf wields a runed dagger!
 The winter wolf cub breathes frost!
 The blast of frost hits the gnome lord!
 The blast of frost hits you!
 The blast of frost hits the jaguar.
 The blast of frost bounces!
 The blast of frost hits the jaguar.
 The vampire bat bites!
 The vampire bat bites again!
 You hit the vampire bat!
 The jaguar hits!
 The jaguar misses!
 The jaguar bites!
 The vampire bat misses!
 The vampire bat misses!
 The werejackal misses the gnome zombie.
 The imp hits!
 "Thinkest thou it shall tickle as I rip out thy lungs?"
 The Green-elf shoots 2 runed arrows!
 The 1st runed arrow hits the spotted jelly.
 The 2nd runed arrow hits the spotted jelly!
 The Green-elf thrusts his runed dagger.
 The Green-elf hits!
 You die...
 Do you want your possessions identified? [ynq] (y)
 Do you want to see your attributes? [ynq] (y)
 Do you want an account of creatures vanquished? [ynaq] (y)
 Do you want to see your conduct and achievements? [ynq] (y)
 Do you want to see the dungeon overview? [ynq] (y)

Inventory:
 Coins    ('$')
  $ - 176 gold pieces
 Armor    ('[')
  O - an uncursed +0 helm of caution (being worn)
  a - an uncursed burnt +2 pair of leather gloves (being worn)
  h - an uncursed +0 pair of iron shoes (being worn)
  b - an uncursed +1 robe (being worn)
 Comestibles  ('%')
  f - 5 uncursed food rations
  i - 5 uncursed fortune cookies
  U - an uncursed egg
  k - 2 uncursed lichen corpses
 Scrolls  ('?')
  z - a cursed scroll of create monster
  p - an uncursed scroll of destroy armor
  c - an uncursed scroll of genocide
  y - a cursed scroll of genocide
  Y - an uncursed scroll of stinking cloud
 Spellbooks  ('+')
  j - a blessed spellbook of healing
  B - an uncursed spellbook of healing
 Potions  ('!')
  X - an uncursed potion of extra healing
  q - a cursed potion of extra healing
  n - an uncursed potion of gain ability
  e - a blessed potion of healing
  d - 4 uncursed potions of healing
  s - an uncursed potion of invisibility
  o - an uncursed potion of monster detection
  Z - an uncursed potion of paralysis
  W - a blessed potion of sleeping
 Rings    ('=')
  I - a cursed ring of aggravate monster (on right hand)
  N - an uncursed ring of searching
 Wands    ('/')
  l - a wand of create monster (0:10)
  m - a wand of digging (0:4)
  K - a wand of fire (0:0)
  P - a wand of nothing (0:5)
  r - a wand of slow monster named slow monster (0:6)
  J - a wand of speed monster named speed monster (0:3)
  V - a wand of teleportation named invisible? (0:8)
 Tools    ('(')
  g - a +0 grappling hook
  T - an uncursed tin opener
 Gems/Stones  ('*')
  L - an uncursed worthless piece of red glass

HumaRuntu the Monk's attributes:

Background:
 You were an Initiate, a level 6 female human Monk.
 You were neutral, on a mission for Chih Sung-tzu
 who was opposed by Shan Lai Ching (lawful) and Huan Ti (chaotic).
 You were right-handed.
 You were in the Gnomish Mines, on level 5.
 You entered the dungeon 2608 turns ago.
 There was a new moon in effect when your adventure ended.
 You had 487 experience points, 153 more were needed to attain level 7.

Basics:
 You had 0 out of 40 hit points.
 You had all 29 energy points (spell power).
 Your armor class was 2.
 Your wallet contained 176 zorkmids.
 Autopickup was off.

Final Characteristics:
 Your strength was 18/02 (limit:18/100).
 Your dexterity was 11 (limit:18).
 Your constitution was 13 (limit:18).
 Your intelligence was 12 (limit:18).
 Your wisdom was 13 (limit:18).
 Your charisma was 8 (limit:18).

Final Status:
 You weren't hungry.
 You were unencumbered.
 You were empty handed.
 You had basic skill with martial arts and could have enhanced that.

Final Attributes:
 You were piously aligned.
 You were sleep resistant.
 You were poison resistant.
 You saw invisible.
 You were warned.
 You were stealthy.
 You aggravated monsters.
 You were guarded.
 Your spell casting was enhanced by wearing a robe.
 You were fast.
 You are dead.

Miscellaneous:
 You didn't encounter any bones levels.
 Total elapsed playing time was 1 hour, 3 minutes and 59 seconds.

Major events:
 Turn
    1: HumaRuntu the neutral female human Monk entered the dungeon
  657: attained the rank of Novice (level 3)
 2358: entered the Gnomish Mines
 2419: attained the rank of Initiate (level 6)
 2608: killed by a Green-elf

Spells:
 Name                 Level Category     Fail Retention
 healing                1   healing        0%   81%-90%

Skills:
 Fighting Skills
   martial arts       [Basic]
 Weapon Skills
   quarterstaff       [Unskilled]
   spear              [Unskilled]
   crossbow           [Unskilled]
   shuriken           [Unskilled]
 Spellcasting Skills
   attack spells      [Unskilled]
   healing spells     [Basic]
   divination spells  [Unskilled]
   enchantment spells [Unskilled]
   clerical spells    [Unskilled]
   escape spells      [Unskilled]
   matter spells      [Unskilled]

Voluntary challenges:
 Character rerolling was not enabled.
 You were vegetarian.
 You never hit with a wielded weapon.
 You never genocided any monsters.
 You never polymorphed an object.
 You never changed form.
 You used no wishes.
Achievements:
 You attained the rank of Novice.
 You entered a shop.
 You entered the Gnomish Mines.
 You attained the rank of Initiate.

 The Dungeons of Doom: levels 1 to 6
    Level 1:
       A fountain.
    Level 2:
       A fountain.
    Level 3:
    Level 4:
       A general store, a fountain.
       Stairs down to The Gnomish Mines.
    Level 5:
    Level 6:
       A fountain.
 The Gnomish Mines:
    Level 5: <- You were here.
       Final resting place for
          you, killed by a Green-elf.


Vanquished creatures:
  a wraith
  a leprechaun
  a housecat
  a water nymph
 an Uruk-hai
  a rock mole
  a shrieker
  2 gnome leaders
  a kobold mummy
  a gray ooze
  2 dwarves
  a homunculus
  2 hill orcs
  3 rothes
  a giant bat
  2 iguanas
 an acid blob
  a coyote
  a giant rat
  a brown mold
  2 red molds
  6 gnomes
  a gnome zombie
  2 geckos
  2 jackals
  2 foxes
  5 goblins
  2 sewer rats
  a grid bug
  a bat
  5 lichens
  5 newts
60 creatures vanquished.

No species were genocided or became extinct.

Game over:
                       ----------
                      /          \
                     /    REST    \
                    /      IN      \
                   /     PEACE      \
                  /                  \
                  |    HumaRuntu     |
                  |      176 Au      |
                  |   killed by a    |
                  |    Green-elf     |
                  |                  |
                  |                  |
                  |       2026       |
                 *|     *  *  *      | *
        _________)/\\_//(\/(/\)/\//\/|_)_______

Goodbye HumaRuntu the Monk...

You died in The Gnomish Mines on dungeon level 5 with 2407 points,
and 176 pieces of gold, after 2608 moves.
You were level 6 with a maximum of 40 hit points when you died.

